 Dungeon Crawl Stone Soup version 0.20.1-1-g8b1a95d66d (webtiles) character file.

691146 Peloso the Minotaur Barricade (level 27, -14/273 HPs)
             Began as a Minotaur Fighter on Dec 30, 2017.
             Was the Champion of Okawaru.
             Killed by divine providence
             ... invoked by a greater mummy
              (15 damage)
             ... on level 2 of the Tomb of the Ancients.
             The game lasted 05:24:18 (77758 turns).

Peloso the Minotaur Barricade (Minotaur Fighter)   Turns: 77758, Time: 05:24:21

Health: -14/273    AC: 46    Str: 31 (33) XL:     27
Magic:  29/29      EV: 12    Int: -1 (1)  God:    Okawaru [******]
Gold:   7513       SH: 38    Dex: 15 (19) Spells: 27/27 levels left

rFire    + . .     SeeInvis +   t - +9 double sword (holy)
rCold    + + .     Gourm    .   w - +10 large shield of Ignorance {rN+ Int-4}
rNeg     + + +     Faith    .   V - +7 gold dragon scales
rPois    +         Spirit   .   J - +0 hat of Qugeat {Int-2 Dex+2 Slay+5}
rElec    +         Reflect  .   X - +2 ratskin cloak {+Rats rPois rN+ Str-1 Int-1 Dex+1}
rCorr    .         Harm     .   S - +3 pair of gloves of Leapfrog {Dex+4 SInv}
MR       ++...                  i - +1 pair of boots {run}
Stlth    ..........             R - amulet "Iquar" {rC+ Regen+ Str+4 SInv}
Regen    1.0/turn               c - ring "Dathri" {rN++ Stlth+}
MPRegen  0.3/turn               N - ring of the Butterfly {rElec rPois Int+3 Dex-2 Stlth-}

@: silence, slowed, lost intelligence, very slow
A: retaliatory headbutt, horns 2
}: 3/15 runes: serpentine, barnacled, silver
a: Renounce Religion, Evoke Ratskin


You were on level 2 of the Tomb of the Ancients.
You worshipped Okawaru.
Okawaru was exalted by your worship.
You were not hungry.

You visited 11 branches of the dungeon, and saw 50 of its levels.
You visited the Abyss 3 times.
You also visited: Labyrinth and Desolation.

You collected 9724 gold pieces.
You spent 2211 gold pieces at shops.

Inventory:

Hand Weapons
 a - a +9 double sword of flaming
 t - a +9 double sword of holy wrath (weapon)
Armour
 i - a +1 pair of boots of running (worn)
 j - a +0 shield of reflection
 w - the +10 large shield of Ignorance (worn) {rN+ Int-4}
   (You bought it in a shop on level 5 of the Depths)

   It affects your intelligence (-4).
   It protects you from negative energy.
 H - a +2 pair of boots of flying
 J - the +0 hat of Qugeat (worn) {Int-2 Dex+2 Slay+5}
   (You found it in the Desolation of Salt)

   It affects your intelligence (-2).
   It affects your dexterity (+2).
   It affects your accuracy and damage with ranged weapons and melee attacks
   (+5).
 L - the +9 plate armour of a sewer {rCorr Int+6 Dex+4}
   (You found it on level 4 of the Shoals)

   It affects your intelligence (+6).
   It affects your dexterity (+4).
   It protects you from acid and corrosion.
 O - a +2 shield of protection
 S - the +3 pair of gloves of Leapfrog (worn) {Dex+4 SInv}
   (Okawaru gifted it to you on level 14 of the Dungeon)

   It affects your dexterity (+4).
   It lets you see invisible.
 V - +7 gold dragon scales (worn)
 X - the +2 ratskin cloak (worn) {+Rats rPois rN+ Str-1 Int-1 Dex+1}
   (You found it in the Desolation of Salt)

   It affects your strength (-1).
   It affects your intelligence (-1).
   It affects your dexterity (+1).
   It protects you from poison.
   It protects you from negative energy.
Jewellery
 c - the ring "Dathri" (left hand) {rN++ Stlth+}
   (You found it on level 5 of the Lair of Beasts)

   [ring of stealth]

   It greatly protects you from negative energy.
   It makes you more stealthy.
 o - an uncursed amulet of the gourmand
 q - an uncursed ring of protection from magic
 z - a +6 ring of strength
 B - a +6 ring of protection
 D - the ring "Dawn" {Int+6 Dex+6}
   (You found it in the Desolation of Salt)

   [ring of dexterity]

   It affects your intelligence (+6).
   It affects your dexterity (+6).
 N - the ring of the Butterfly (right hand) {rElec rPois Int+3 Dex-2 Stlth-}
   (You bought it in a shop on level 2 of the Vaults)

   [ring of loudness]

   It affects your intelligence (+3).
   It affects your dexterity (-2).
   It insulates you from electricity.
   It protects you from poison.
   It makes you less stealthy.
 R - the amulet "Iquar" (around neck) {rC+ Regen+ Str+4 SInv}
   (You took it off a deep elf sorcerer on level 3 of the Elven Halls)

   [amulet of regeneration]

   It affects your strength (+4).
   It protects you from cold.
   It lets you see invisible.
   It increases your rate of regeneration.
Wands
 h - a wand of digging (10/24)
 m - a wand of lightning (1/15)
Scrolls
 e - 17 scrolls of identify
 n - 16 scrolls of remove curse
 s - 13 scrolls of teleportation
 u - 9 scrolls of magic mapping
 x - 9 scrolls of fear
 y - 7 scrolls of recharging
 F - 10 scrolls of blinking
 K - 5 scrolls of holy word
Potions
 d - 8 potions of invisibility
 g - 5 potions of curing
 v - 5 potions of agility
 A - 4 potions of berserk rage
 C - 5 potions of haste
 M - 5 potions of might
Books
 r - a book of Air

   Spells                             Type                      Level
   a - Shock                          Conjuration/Air              1
   b - Swiftness                      Charms/Air                   2
   c - Static Discharge               Conjuration/Air              3
   d - Airstrike                      Air                          4
   e - Lightning Bolt                 Conjuration/Air              5
Comestibles
 f - 35 bread rations
 k - 28 meat rations
 l - 22 fruits
 p - 24 royal jellies


   Skills:
 O Level 27 Fighting
 O Level 27 Long Blades
   Level 2.8 Axes
 + Level 1.2 Throwing
 O Level 27 Armour
 + Level 6.9 Dodging
 + Level 4.8 Stealth
 O Level 27 Shields
 + Level 1.3 Unarmed Combat
 + Level 0.7 Spellcasting
 + Level 2.6 Invocations
 + Level 10.5 Evocations


You had 27 spell levels left.
You didn't know any spells.

Dungeon Overview and Level Annotations

Branches:
Dungeon (15/15)            Temple (1/1) D:5            Lair (6/6) D:11
 Shoals (4/4) Lair:3        Snake (4/4) Lair:2        Slime (0/5) Lair:6
    Orc (2/2) D:11            Elf (3/3) Orc:2        Vaults (5/5) D:13
  Crypt (3/3) Vaults:2       Tomb (2/3) Crypt:3      Depths (5/5) D:15
    Zot (0/5) Depths:5

Altars:
Ashenzari
Cheibriados
Dithmenos
Fedhas
Gozag
Makhleb
Nemelex Xobeh
Okawaru
Ru
Sif Muna
Trog
Uskayaw
Vehumet
Xom
Yredelemnul
Beogh
Jiyva

Shops:
D:14 (   D:15 [   Orc:1 %   Orc:2 *?}?(   Elf:2 (   Elf:3 (*![   Shoals:1 %
Snake:1 !*   Snake:3 [   Vaults:1 ?   Vaults:2 =   Vaults:4 *   Depths:2 *
Depths:3 *   Depths:5 *(*:

Portals:
Hell: Depths:1 Depths:2 Depths:3 Depths:4 Depths:5
Abyss: Depths:1 Depths:4
Pandemonium: Depths:3
Ziggurat: Depths:5

Annotations:
D:5 2 runed doors
Lair:5 exclusion: 3 oklob plants


Innate Abilities, Weirdness & Mutations

You reflexively headbutt those who attack you in melee.
You have a pair of horns on your head.


Message History

You headbutt the guardian mummy. The flying skull hits you.
* * * LOW HITPOINT WARNING * * *
The emperor scorpion stings you but does no damage.
The emperor scorpion claws you but does no damage. x2
The flying skull hits you but does no damage.
Okay, then.
You slice the guardian mummy!!
You destroy the guardian mummy!
Okawaru accepts your kill.
You feel extremely nervous for a moment...
You shiver with cold.
You block the death scarab's attack. The death scarab bites you.
* * * LOW HITPOINT WARNING * * *
You block the bennu's attack. x2; The bennu claws you but does no damage.
The black mamba zombie bites you but does no damage.
You block the flying skull's attack.
The phantasmal warrior blinks!
You block the death scarab's attack.
The greater mummy gestures at you while chanting.
Something smites you!
You die...

## ## .## ##. .
.. ### .. . ..
.##.##. ..
...##.MWM.##...
..#.ZM2WWW.Z#..
.#..ZWzzzzM..#.
#..§zSs@sWMz..#
#....MsZbMZ...#
#.....sSZ3...^#
.#.....MM.W..#.
..#.........#..
?..##.....##...
... .##$##. ...
.. .. ### .. ..
?## ##.


You could see 4 greater mummies, an emperor scorpion, a reaper, a bennu, a
flayed ghost, a shadow wraith (invisible), 3 phantasmal warriors, 2 mana vipers,
a freezing wraith, a sixfirhy, 3 death scarabs, a shadow (invisible), 3 flying
skulls, 5 mummies, 3 wights, a storm dragon simulacrum, a ghost moth simulacrum,
a black mamba zombie, a quicksilver dragon zombie, a human zombie and a frost
giant skeleton.

Vanquished Creatures
  3 juggernauts
  4 ancient liches
  The ghost of chimenez the Stormcaller, a legendary NaFE of Cheibriados (Tomb:1)
  A greater mummy (Tomb:1)
  Frederick (Vaults:4)
  Bai Suzhen (Vaults:5)
  Xtahua (Vaults:3)
  A caustic shrike (Depths:3)
  Nikola (Shoals:3)
  the Enchantress (Depths:4)
  4 golden dragons
  3 bone dragons
  Jorgrun (Shoals:2)
  A hellephant (Abyss:2)
  6 liches
  8 tentacled monstrosities
  8 titans
  5 deep elf blademasters
  6 quicksilver dragons
  Asterion (Elf:2)
  An acid blob (Lair:6)
  Polyphemus (Shoals:2)
  9 sphinxes
  Ilsuiw (Shoals:4)
  An ancient champion (Crypt:1)
  4 shadow dragons (Vaults:5)
  5 storm dragons
  Roxanne (Snake:1)
  2 revenants
  Donald (Snake:1)
  13 nagarajas
  6 tengu reavers
  The ghost of dracomuter the Warrior, a journeyman DrTm of Okawaru (Orc:2)
  The ghost of grerr the Severer, a journeyman HOMo of Beogh (Shoals:2)
  3 iron dragons
  14 frost giants
  8 fire giants
  11 deep elf sorcerers
  A draconian knight (Depths:5)
  A draconian scorcher (Depths:5)
  Aizul (Shoals:2)
  20 vault wardens
  2 balrugs (Abyss:3)
  25 ironheart preservers
  5 imperial myrmidons (Desolation)
  4 deep elf elementalists
  Louise (Depths:1)
  2 curse skulls (Crypt:1)
  A draconian stormcaller (Depths:5)
  3 spriggan defenders (Depths:4)
  A reaper (Crypt:2)
  8 war gargoyles
  33 stone giants
  23 very ugly things
  5 vampire knights
  3 entropy weavers
  A green draconian (Depths:5)
  5 deep elf demonologists
  11 deep elf annihilators
  The ghost of Noxor the Eclecticist, a journeyman SpEn of Fedhas (Shoals:4)
  A halazid warlock (Desolation)
  A dire elephant (shapeshifter) (Vaults:5)
  A yellow draconian (Depths:5)
  2 dire elephants
  A black draconian (Depths:5)
  3 red draconians (Depths:5)
  11 spark wasps
  10 deep elf death magi
  7 merfolk javelineers
  4 eidola (Crypt:1)
  10 ettins
  14 mummy priests
  A minotaur (Lab)
  4 crystal guardians
  10 merfolk impalers
  Snorg (Lair:6)
  15 fire dragons
  4 great orbs of eyes
  13 yaktaur captains
  3 ragged hierophants (Desolation)
  8 jiangshi
  10 hydras
  35 vault guards
  5 deep elf high priests
  A quicksilver dragon skeleton (Crypt:3)
  12 servants of whispers (Desolation)
  10 ice dragons
  Harold (Lair:3)
  9 peacekeepers (Desolation)
  2 spriggan air magi
  11 rakshasas
  6 death knights
  20 naga warriors
  An alligator snapping turtle (Shoals:4)
  5 catoblepae
  8 merfolk aquamancers
  9 centaur warriors
  64 two-headed ogres
  5 merfolk avatars
  38 dancing weapons
  18 death scarabs
  7 anacondas
  2 deep troll earth magi
  An alligator (shapeshifter) (Vaults:4)
  3 death yaks (Shoals:2)
  An orc high priest (Elf:1)
  12 deep troll shamans
  A satyr (Shoals:3)
  13 tengu warriors
  An alligator (Snake:3)
  17 ogre magi
  The ghost of BrokenGlass the Martial Artist, a novice OpFi of Makhleb (D:10)
  2 thrashing horrors (Abyss:3)
  8 vampire magi
  4 shock serpents
  A storm dragon zombie (Depths:3)
  15 naga sharpshooters
  6 spriggan berserkers
  20 hell knights
  19 deep elf knights
  A titan zombie (Crypt:3)
  Nergalle (Lair:3)
  7 sun demons (Abyss:3)
  2 wretched stars (Abyss:2)
  3 titan skeletons
  A salamander mystic (Snake:4)
  A sixfirhy (Abyss:2)
  4 iron trolls
  A spark wasp zombie (Depths:3)
  8 shadow wraiths
  2 soul eaters (Crypt:1)
  38 skeletal warriors
  A spatial maelstrom (Abyss:3)
  A storm dragon skeleton (Crypt:1)
  29 deep trolls
  2 swamp dragons
  A sea snake (shapeshifter) (Depths:1)
  5 unseen horrors
  2 golden dragon zombies (Crypt:3)
  A death drake (shapeshifter) (Depths:4)
  6 flayed ghosts
  6 glowing orange brains
  9 naga ritualists
  6 wizards
  22 starcursed masses
  A harpy (shapeshifter) (Vaults:5)
  27 sea snakes
  2 golden dragon skeletons
  13 ironbrand convokers
  A wolf spider zombie (Tomb:1)
  13 orc knights
  17 deep elf archers
  A salamander (shapeshifter) (Depths:5)
  15 phantasmal warriors
  4 stone giant zombies
  28 harpies
  A tengu skeleton (Vaults:2)
  A frost giant zombie (Crypt:1)
  A sphinx zombie (Vaults:2)
  4 orc sorcerers
  6 wolf spiders
  A faun (shapeshifter) (Vaults:5)
  20 necromancers
  56 deep elf magi
  A wolf spider (shapeshifter) (Vaults:4)
  9 fauns
  16 manticores
  3 worldbinders (Abyss:2)
  8 mana vipers
  27 ugly things
  9 cyclopes
  2 sphinx skeletons (Crypt:1)
  12 salamanders
  12 elephants
  A shadow dragon skeleton (Crypt:3)
  An elephant (shapeshifter) (Depths:5)
  A fire giant skeleton (Vaults:2)
  A frost giant skeleton (Vaults:2)
  3 stone giant skeletons (Vaults:2)
  2 orange demons (Abyss:3)
  15 naga magi
  10 merfolk sirens
  40 black mambas
  7 vault sentinels
  10 guardian serpents
  5 water nymphs
  Maurice (D:13)
  2 apocalypse crabs (Abyss:3)
  5 torpor snails (Lair:5)
  A dire elephant zombie (Abyss:2)
  A gargoyle (D:11)
  4 smoke demons
  3 spiny frogs (shapeshifter)
  15 spiny frogs
  A molten gargoyle (Desolation)
  2 hellions
  2 human zombies (Vaults:2)
  5 rime drakes
  2 spriggan zombies
  A rime drake (shapeshifter) (Depths:1)
  The ghost of BrokenGlass the Martial Artist, a novice OpFi (D:5)
  3 kobold demonologists (D:14)
  17 freezing wraiths
  2 efreet
  A hydra zombie (Crypt:3)
  7 guardian mummies
  49 yaktaurs
  6 human skeletons (Vaults:2)
  6 komodo dragons
  An ice devil (Depths:4)
  4 ancient zymes
  3 hellwings
  28 merfolk
  3 meliai (D:12)
  A red devil (Abyss:3)
  6 tengu conjurers
  A yellow draconian skeleton (Crypt:2)
  17 trolls
  2 yaktaur skeletons (Vaults:2)
  2 jumping spiders (shapeshifter)
  50 saltlings (Desolation)
  8 hornets
  A hydra skeleton (Crypt:3)
  3 raiju (Abyss:2)
  A hornet (shapeshifter) (Vaults:5)
  10 wind drakes
  A minotaur skeleton (Crypt:2)
  A dream sheep (shapeshifter) (Vaults:5)
  3 ettin zombies
  15 blink frogs
  24 slime creatures
  2 fire dragon zombies
  2 harpy skeletons
  12 dream sheep
  8 hippogriffs
  2 raiju (shapeshifter)
  11 snapping turtles
  A satyr zombie (Crypt:1)
  An ice dragon zombie (Crypt:3)
  A deep troll zombie (Depths:1)
  Sigmund (D:2)
  2 ettin skeletons
  5 shadows
  41 flying skulls
  3 spriggans
  An ice dragon skeleton (Crypt:3)
  9 redbacks
  14 wyverns
  A black mamba skeleton (Crypt:2)
  An air elemental (Elf:3)
  2 tarantellas (Vaults:5)
  A wyvern (shapeshifter) (Vaults:5)
  28 water elementals
  A tarantella (shapeshifter) (Vaults:4)
  4 ynoxinuls
  11 wraiths
  2 ushabtiu (Tomb:1)
  A hog (shapeshifter) (Depths:3)
  20 humans (D:13)
  5 fire bats (Depths:2)
  A vampire (D:15)
  A basilisk (shapeshifter) (Elf:1)
  3 basilisks
  43 yaks
  5 hungry ghosts
  7 golden eyes
  3 chaos spawn
  4 fire elementals
  A steam dragon (Lair:6)
  A neqoxec (Abyss:2)
  A yaktaur simulacrum (Vaults:3)
  11 vampire mosquitoes
  13 small abominations
  4 wargs
  3 acid dragons
  5 swamp worms
  61 nagas
  A soldier ant (shapeshifter) (Depths:4)
  A spiny frog zombie (Crypt:1)
  10 large abominations
  A torturous demonspawn skeleton (Crypt:1)
  26 water moccasins
  A tengu zombie (Depths:1)
  7 porcupines
  2 deep troll skeletons
  5 swamp drakes
  3 ice beasts
  A merfolk skeleton (Crypt:1)
  3 sky beasts
  2 hornet zombies
  26 orc warriors
  A spiny frog skeleton (Crypt:2)
  3 black bears
  An eye of draining (shapeshifter) (Depths:3)
  5 necrophages
  An ice dragon simulacrum (Tomb:1)
  A spriggan simulacrum (Depths:3)
  A phantom (D:12)
  13 wolves
  An eye of draining (Abyss:3)
  9 boggarts
  48 ogres
  A snapping turtle skeleton (Crypt:1)
  An orc skeleton (Vaults:2)
  A hog zombie (Crypt:2)
  22 centaurs
  19 crocodiles
  6 big kobolds
  11 earth elementals
  A bullfrog (shapeshifter) (Vaults:1)
  21 bullfrogs
  A gnoll sergeant (D:8)
  A wyvern zombie (D:14)
  A troll zombie (Crypt:1)
  4 killer bees (D:13)
  2 scorpions
  31 wights
  A troll skeleton (Lab)
  7 howler monkeys
  4 electric eels (D:9)
  5 crimson imps
  3 centaur zombies
  3 bullfrog zombies
  9 jellies
  2 quasits
  6 centaur skeletons
  6 hounds
  An iron imp (Depths:5)
  12 orc priests
  2 bullfrog skeletons
  A gnoll shaman (D:4)
  11 iguanas
  17 orc wizards
  Natasha (thrice) (D:4)
  14 worker ants
  A killer bee zombie (Crypt:1)
  3 hound zombies
  A big kobold skeleton (Crypt:2)
  A deep dwarf skeleton (Crypt:2)
  A hound skeleton (D:6)
  13 mummies (Tomb:1)
  A howler monkey zombie (D:5)
  A worker ant zombie (D:9)
  11 gnolls
  17 adders
  3 shadow imps
  A white imp (Abyss:2)
  2 ufetubi
  An ooze (D:2)
  An iguana zombie (Crypt:2)
  3 adder skeletons
  17 worms
  A dart slug (D:1)
  3 leopard geckos
  112 orcs
  13 bats
  5 giant cockroaches
  5 goblins
  9 hobgoblins
  12 jackals
  6 quokkas
  2 ball pythons
  A ball python skeleton (Crypt:2)
  5 frilled lizards
  2 jackal zombies
  21 kobolds
  A leopard gecko zombie (D:8)
  A quokka zombie (Crypt:2)
  10 rats
  A butterfly (Snake:1)
  A fungus (Lair:5)
  11 plants
2778 creatures vanquished.

Vanquished Creatures (others)
  2 deep elf master archers (Elf:3)
  A fire giant (Depths:4)
  Nessos (Orc:2)
  2 merfolk javelineers (Shoals:4)
  A two-headed ogre (Depths:1)
  A deep elf knight (Elf:2)
  A salamander mystic (Snake:3)
  A deep elf archer (Elf:3)
  A deep elf mage (Elf:3)
  A manticore (Shoals:1)
  A salamander (Snake:3)
  A raiju (Abyss:2)
  3 saltlings (Desolation)
  A fire bat (Depths:2)
  A chaos spawn (Abyss:2)
  A warg (Vaults:5)
  A naga (Snake:4)
  An ogre (Vaults:1)
  An orc priest (Vaults:5)
  A bullfrog skeleton (D:13)
  An ufetubus (Abyss:2)
  3 orcs
  14 fungi
  A lurking horror (Abyss:3)
  57 plants
100 creatures vanquished.

Grand Total: 2878 creatures vanquished

Notes
Turn   | Place    | Note
-------+----------+-------------------------------------------
     0 | D:1      | Peloso the Minotaur Fighter began the quest for the Orb.
     0 | D:1      | Reached XP level 1. HP: 19/19 MP: 0/0
   174 | D:1      | Reached XP level 2. HP: 27/27 MP: 1/1
   768 | D:2      | Reached XP level 3. HP: 33/33 MP: 2/2
   815 | D:2      | You fall through a shaft for 2 floors!
   892 | D:4      | Reached XP level 4. HP: 19/40 MP: 3/3
  1125 | D:4      | Reached skill level 1 in Dodging
  1360 | D:4      | Reached XP level 5. HP: 33/46 MP: 4/4
  1533 | D:4      | Reached skill level 5 in Armour
  1690 | D:4      | Reached XP level 6. HP: 51/53 MP: 5/5
  1745 | D:4      | Noticed Natasha
  1750 | D:4      | Killed Natasha
  1750 | D:4      | Reached skill level 5 in Long Blades
  1862 | D:4      | Noticed Natasha
  1868 | D:4      | Killed Natasha
  2511 | D:2      | Noticed Sigmund
  2520 | D:2      | Killed Sigmund
  2520 | D:2      | Reached skill level 5 in Fighting
  2520 | D:2      | Reached skill level 5 in Shields
  2520 | D:2      | Reached XP level 7. HP: 53/61 MP: 6/6
  3576 | D:4      | Noticed Natasha
  3582 | D:4      | Killed Natasha
  3614 | D:5      | Entered Level 5 of the Dungeon
  4129 | D:5      | Found a large runed door.
  4134 | D:5      | Found a large runed door.
  4191 | D:5      | Got an encrusted spear
  4192 | D:5      | Identified the +4 spear of Instant Death {pierce, Str+6 Dex-4} (You found it on level 5 of the Dungeon)
  4217 | D:5      | Noticed BrokenGlass's ghost (novice OpFi)
  4238 | D:5      | Killed BrokenGlass's ghost
  4238 | D:5      | Reached XP level 8. HP: 57/69 MP: 7/7
  4431 | D:5      | Found a large runed door.
  4431 | D:5      | Found a large runed door.
  4457 | D:5      | Got a faintly glowing dagger
  4458 | D:5      | Identified the +4 dagger "Foidofy" {freeze, *Corrode +Rage rPois rF+} (You found it on level 5 of the Dungeon)
  4749 | D:5      | Got a polished hand axe
  4750 | D:5      | Identified the +9 hand axe "Giantslayer" {chop, MR++ Str-5 Dex+6} (You found it on level 5 of the Dungeon)
  4877 | D:5      | Found a staircase to the Ecumenical Temple.
  4888 | Temple   | Entered the Ecumenical Temple
  4896 | Temple   | Became a worshipper of Warmaster Okawaru
  5667 | D:6      | Reached * piety under Okawaru
  5747 | D:6      | Reached XP level 9. HP: 75/75 MP: 8/8
  5757 | D:6      | Got a transparent scale mail
  5792 | D:6      | Identified the cursed +1 scale mail of Perfidy {Regen+ Int-2 SInv Stlth-} (You found it on level 6 of the Dungeon)
  6326 | D:7      | Found a sacrificial altar of Ru.
  6475 | D:7      | Reached ** piety under Okawaru
  6720 | D:7      | Reached skill level 10 in Long Blades
  6827 | D:7      | Got a twisted ring mail
  6840 | D:7      | Identified the +1 ring mail of Charity {*Slow Regen+ rCorr Str+4 Int+3} (You found it on level 7 of the Dungeon)
  7385 | D:8      | Found a roughly hewn altar of Beogh.
  7387 | D:8      | Reached XP level 10. HP: 77/86 MP: 9/9
  7628 | D:8      | Reached *** piety under Okawaru
  8140 | D:9      | Found an iron altar of Okawaru.
  9028 | D:9      | Reached skill level 1 in Stealth
  9219 | D:9      | Reached **** piety under Okawaru
  9479 | D:10     | Entered Level 10 of the Dungeon
  9494 | D:10     | Killed an unseen horror
  9538 | D:10     | Noticed BrokenGlass's ghost (novice OpFi)
  9559 | D:10     | Killed BrokenGlass's ghost
  9559 | D:10     | Reached skill level 1 in Evocations
  9885 | D:10     | Reached skill level 10 in Shields
 10062 | D:10     | Reached ***** piety under Okawaru
 10062 | D:10     | Reached skill level 10 in Armour
 10150 | D:10     | Received a gift from Okawaru
 10150 | D:10     | Reached XP level 11. HP: 81/95 MP: 10/10
 10475 | D:10     | Noticed a two-headed ogre
 10493 | D:10     | Killed a two-headed ogre
 10684 | D:10     | Received a gift from Okawaru
 10691 | D:10     | Got a shimmering hand axe {god gift}
 10692 | D:10     | Identified the +10 hand axe "Isegh" {speed, rN+ MP+9 Dex+4 SInv} (Okawaru gifted it to you on level 10 of the Dungeon)
 10871 | D:11     | Found a staircase to the Lair.
 10886 | Lair:1   | Entered Level 1 of the Lair of Beasts
 11015 | Lair:1   | Noticed a six-headed hydra
 11080 | D:11     | Killed an 18-headed hydra
 11385 | Lair:1   | Noticed a six-headed hydra
 11503 | D:11     | Noticed a two-headed ogre
 11525 | D:11     | Killed a two-headed ogre
 11550 | D:11     | Reached skill level 1 in Axes
 11667 | D:11     | Noticed a two-headed ogre
 11680 | D:11     | Killed a two-headed ogre
 11933 | D:11     | Found a staircase to the Orcish Mines.
 12452 | D:11     | Received a gift from Okawaru
 12463 | D:11     | Reached skill level 1 in Invocations
 13316 | D:12     | Reached skill level 10 in Fighting
 13419 | D:12     | Noticed a brown ugly thing
 13428 | D:12     | Killed a brown ugly thing
 13428 | D:12     | Reached XP level 12. HP: 90/106 MP: 8/11
 13715 | D:12     | Got a transparent scarf
 13721 | D:12     | Identified the scarf "Zaela" {rF+ Str+3} (You found it on level 12 of the Dungeon)
 14973 | D:13     | Noticed a centaur warrior
 14989 | D:13     | Killed a centaur warrior
 15089 | D:13     | Noticed a two-headed ogre
 15095 | D:13     | Killed a two-headed ogre
 15162 | D:11     | Reached ****** piety under Okawaru
 15192 | Lair:1   | Killed a two-headed hydra
 15429 | Lair:2   | Received a gift from Okawaru
 15559 | Lair:2   | Found a staircase to the Snake Pit.
 15620 | Lair:2   | Noticed a catoblepas
 15658 | Lair:2   | Killed a catoblepas
 16047 | Lair:2   | Reached XP level 13. HP: 80/116 MP: 13/13
 17712 | Lair:3   | Noticed Nergalle
 17732 | Lair:3   | Killed Nergalle
 17812 | Lair:3   | Noticed Harold
 17837 | Lair:3   | Killed Harold
 17977 | Lair:3   | Found a staircase to the Shoals.
 17989 | Lair:3   | Received a gift from Okawaru
 18247 | Lair:3   | Identified a scroll of acquirement
 18633 | D:5      | Identified the Collected Works on Augmentations and Creation
 18922 | Lair:4   | Reached skill level 15 in Long Blades
 19833 | Lair:5   | Found a snail-covered altar of Cheibriados.
 20214 | Lair:5   | Reached XP level 14. HP: 127/127 MP: 14/14
 20287 | Lair:5   | Got a twitching steel ring
 20304 | Lair:5   | Received a gift from Okawaru
 20304 | Lair:5   | Reached skill level 15 in Shields
 20421 | Lair:5   | Identified the ring "Dathri" {rN++ Stlth+} (You found it on level 5 of the Lair of Beasts)
 20688 | Lair:6   | Entered Level 6 of the Lair of Beasts
 20971 | Lair:6   | Noticed Snorg
 20977 | Lair:6   | Killed Snorg
 21215 | Lair:6   | Received a gift from Okawaru
 21222 | Lair:6   | Got a smoking quarterstaff {god gift}
 21223 | Lair:6   | Identified the +5 quarterstaff "Ufiul" {venom, +Inv rPois} (Okawaru gifted it to you on level 6 of the Lair of Beasts)
 21987 | Lair:6   | Found a viscous altar of Jiyva.
 21987 | Lair:6   | Found a staircase to the Slime Pits.
 22666 | Lair:6   | Noticed an acid blob
 22675 | Lair:6   | Killed an acid blob
 22675 | Lair:6   | Received a gift from Okawaru
 22681 | Lair:6   | Got a pair of pitted boots {god gift}
 22692 | Lair:6   | Identified the +2 pair of boots "Makoamn" {rN+ Dex+3 Slay-4} (Okawaru gifted it to you on level 6 of the Lair of Beasts)
 23070 | D:13     | Noticed Maurice
 23085 | D:13     | Killed Maurice
 23156 | D:13     | Reached XP level 15. HP: 79/137 MP: 15/15
 23360 | D:13     | Found a gate to the Vaults.
 23474 | D:13     | Found a radiant altar of Vehumet.
 23630 | D:14     | Found Naofisu's Weapon Shop.
 23660 | D:14     | Found a labyrinth entrance.
 23665 | Lab      | Entered a labyrinth
 24008 | Lab      | Got an ancient trident
 24405 | D:14     | Received a gift from Okawaru
 24412 | D:14     | Got a pair of ancient gloves {god gift}
 24418 | D:14     | Identified the +3 pair of gloves of Leapfrog {Dex+4 SInv} (Okawaru gifted it to you on level 14 of the Dungeon)
 24468 | D:15     | Entered Level 15 of the Dungeon
 25058 | D:15     | Found Qaacu's Armour Shop.
 25142 | D:15     | Found a staircase to the Depths.
 25726 | Orc:1    | Entered Level 1 of the Orcish Mines
 25887 | Orc:1    | Found a roughly hewn altar of Beogh.
 26048 | Orc:2    | Entered Level 2 of the Orcish Mines
 26053 | Orc:2    | Found Ademp's Gadget Shop.
 26055 | Orc:2    | Found a staircase to the Elven Halls.
 26086 | Orc:2    | Reached skill level 15 in Fighting
 26112 | Orc:2    | Received a gift from Okawaru
 26161 | Orc:2    | Got a brightly glowing long sword {god gift}
 26162 | Orc:2    | Identified the +3 long sword "Nael" {drain, rN+} (Okawaru gifted it to you on level 2 of the Orcish Mines)
 26170 | Orc:2    | Noticed dracomuter's ghost (journeyman DrTm)
 26170 | Orc:2    | Found Bemuvug's Antique Weapon Shoppe.
 26183 | Orc:2    | Killed dracomuter's ghost
 26183 | Orc:2    | Reached XP level 16. HP: 23/149 MP: 16/16
 26635 | Orc:2    | Found Ciwe's Magic Scroll Boutique.
 26636 | Orc:2    | Found Fomopitt's Magic Scroll Boutique.
 26644 | Orc:2    | Bought a scroll of blinking for 90 gold pieces
 26644 | Orc:2    | Bought a scroll of blinking for 90 gold pieces
 26829 | Orc:2    | Found Dazyvul's Assorted Antiques.
 26866 | Orc:2    | Reached skill level 15 in Armour
 26959 | Orc:2    | Noticed Nessos
 26969 | Orc:2    | Killed Nessos
 27348 | Orc:1    | Found Camie's Food Shop.
 27514 | Lair:1   | Identified the +2 trident "Ythruts" {flame, rC- MR+++ Int+3 Dex-4} (You found it in a labyrinth)
 27724 | Snake:1  | Entered Level 1 of the Snake Pit
 27728 | Snake:1  | Noticed Roxanne
 27740 | Snake:1  | Found a shimmering altar of Xom.
 27755 | Snake:1  | Killed Roxanne
 28241 | Snake:1  | Found Piocusuj's Distillery.
 28247 | Snake:1  | Found Emug Zecw's General Store.
 28295 | Snake:1  | Noticed Donald
 28309 | Snake:1  | Killed Donald
 28309 | Snake:1  | Received a gift from Okawaru
 29907 | Snake:1  | Received a gift from Okawaru
 30827 | Shoals:1 | Entered Level 1 of the Shoals
 31167 | Shoals:1 | Found Arull's Food Shoppe.
 32392 | Shoals:2 | Noticed Aizul
 32414 | Shoals:2 | Killed Aizul
 32414 | Shoals:2 | Received a gift from Okawaru
 32445 | Shoals:2 | Noticed Polyphemus
 32480 | Shoals:3 | HP: 4/151 [merfolk siren/spear (6)]
 32939 | Shoals:2 | Killed Polyphemus
 32939 | Shoals:2 | Reached XP level 17. HP: 79/158 MP: 17/17
 32960 | Shoals:2 | Received a gift from Okawaru
 33687 | Shoals:2 | Noticed grerr's ghost (journeyman HOMo)
 33707 | Shoals:2 | Killed grerr's ghost
 33940 | Shoals:2 | Noticed Jorgrun
 33951 | Shoals:2 | Killed Jorgrun
 35028 | Shoals:3 | Noticed Nikola
 35042 | Shoals:3 | Killed Nikola
 35980 | Shoals:3 | Got a sparkling iron amulet
 36279 | Shoals:4 | Entered Level 4 of the Shoals
 36322 | Shoals:4 | Identified the amulet "Xuosot" {Reflect +Inv rF+ SH+5 SInv} (You found it on level 3 of the Shoals)
 36369 | Shoals:4 | Noticed Noxor's ghost (journeyman SpEn)
 36575 | Shoals:4 | Noticed Ilsuiw
 36614 | Shoals:4 | Killed Ilsuiw
 36940 | Shoals:4 | Received a gift from Okawaru
 37027 | Shoals:4 | Killed Noxor's ghost
 37319 | Shoals:4 | Got a barnacled rune of Zot
 37508 | Shoals:4 | Identified a +1 pair of boots of running (You found it on level 4 of the Shoals)
 37541 | Shoals:4 | Received a gift from Okawaru
 37541 | Shoals:4 | Reached XP level 18. HP: 94/170 MP: 18/18
 38635 | Shoals:4 | Got a smoking plate armour
 38647 | Shoals:4 | Identified the +9 plate armour of a sewer {rCorr Int+6 Dex+4} (You found it on level 4 of the Shoals)
 39326 | Snake:3  | Received a gift from Okawaru
 39791 | Snake:3  | Found Qoutex's Armour Emporium.
 40009 | Snake:4  | Entered Level 4 of the Snake Pit
 40715 | Snake:4  | Received a gift from Okawaru
 41979 | Snake:4  | Got a scorched graven amulet
 42017 | Snake:4  | Reached XP level 19. HP: 91/179 MP: 19/19
 42823 | Snake:4  | Received a gift from Okawaru
 42834 | Snake:4  | Got a polished war axe {god gift}
 43256 | Snake:4  | Got a serpentine rune of Zot
 43258 | Snake:4  | Identified the amulet "Wotsoi" {+Rage rC+ Int+8 Dex-5 SInv} (You took it off a nagaraja on level 4 of the Snake Pit)
 43675 | Lair:1   | Identified the +5 war axe "Laobolu" {chop, rF+ rC+} (Okawaru gifted it to you on level 4 of the Snake Pit)
 43867 | Elf:1    | Entered Level 1 of the Elven Halls
 44349 | Elf:1    | Received a gift from Okawaru
 45064 | Elf:2    | Found a runed gate.
 45064 | Elf:2    | Found a runed gate.
 45064 | Elf:2    | Found a runed gate.
 45131 | Elf:2    | Found Mioris's Antique Weapon Emporium.
 45135 | Elf:2    | Noticed Asterion
 45153 | Elf:2    | Killed Asterion
 45339 | Elf:2    | Received a gift from Okawaru
 45917 | Elf:3    | Entered Level 3 of the Elven Halls
 45979 | Elf:3    | Found Daseocsata's Distillery.
 45983 | Elf:3    | Found Bivorro's General Store.
 45984 | Elf:3    | Found Antaq's Weapon Boutique.
 45987 | Elf:3    | Bought a potion of haste for 150 gold pieces
 45987 | Elf:3    | Bought a potion of haste for 150 gold pieces
 46205 | Elf:3    | Reached XP level 20. HP: 191/191 MP: 20/20
 46381 | Elf:3    | Found Loan's Armour Boutique.
 46575 | Elf:3    | Received a gift from Okawaru
 48036 | Elf:3    | Received a gift from Okawaru
 48515 | Elf:3    | Got a faintly glowing pewter amulet
 48531 | Elf:3    | Got a warped bone amulet
 48832 | Elf:3    | Identified the amulet "Sipuigoriymp" {RegenMP +Blink Str+4} (You took it off a deep elf annihilator on level 3 of the Elven Halls)
 49014 | Lair:1   | Identified the amulet "Iquar" {rC+ Regen+ Str+4 SInv} (You took it off a deep elf sorcerer on level 3 of the Elven Halls)
 49325 | Elf:3    | Got a translucent cloak {god gift}
 49337 | Elf:3    | Identified the +0 cloak of Prudence {-Cast Int+6} (Okawaru gifted it to you on level 3 of the Elven Halls)
 49364 | Elf:3    | Got a pair of ichor-stained gloves
 49375 | Elf:3    | Identified the +1 pair of gloves of Leylanim {Int+4} (You found it on level 3 of the Elven Halls)
 49413 | Elf:3    | Got a pair of encrusted boots
 49424 | Elf:3    | Identified the +2 pair of boots of the Trombone {rN+ Dex+5} (You found it on level 3 of the Elven Halls)
 49453 | Elf:3    | Got a bloodstained plate armour
 49464 | Elf:3    | Identified the cursed +0 plate armour of Satisfaction {rN+ rCorr Dex-4} (You found it on level 3 of the Elven Halls)
 49823 | Vaults:1 | Entered Level 1 of the Vaults
 49895 | Vaults:1 | Found Fyump's Magic Scroll Shoppe.
 51708 | Vaults:2 | Reached XP level 21. HP: 188/201 MP: 21/21
 51747 | Vaults:2 | Received a gift from Okawaru
 51859 | Vaults:2 | Found Yjovosan's Jewellery Shop.
 51867 | Vaults:2 | Bought the ring of the Butterfly {rElec rPois Int+3 Dex-2 Stlth-} for 528 gold pieces
 52290 | Vaults:2 | Received a gift from Okawaru
 53186 | Vaults:2 | Found a staircase to the Crypt.
 53299 | Vaults:3 | Received a gift from Okawaru
 53526 | Vaults:3 | Found a ruined gateway.
 53526 | Vaults:3 | Noticed Xtahua
 53532 | Vaults:3 | Killed Xtahua
 53539 | Desolati | Entered the Desolation of Salt
 53570 | Desolati | Reached skill level 5 in Dodging
 53584 | Desolati | Received a gift from Okawaru
 53594 | Desolati | Got an encrusted shield {god gift}
 53605 | Desolati | Identified the -1 shield of Winter {rC++ SInv} (Okawaru gifted it to you in the Desolation of Salt)
 53784 | Desolati | Identified the Catalogue of Burning Transmutation
 53823 | Desolati | Identified the Compendium of Assistive Sinister Rituals
 53829 | Desolati | Got an encrusted plate armour
 53840 | Desolati | Identified the +4 plate armour of Love and Death {+Blink rF- Str+4} (You found it in the Desolation of Salt)
 54521 | Desolati | Reached XP level 22. HP: 194/213 MP: 22/22
 54532 | Desolati | Identified the Handbook of the Helpful Mountains
 54553 | Desolati | Got warped ice dragon scales
 54567 | Desolati | Got a faintly humming hat
 54645 | Desolati | Identified the Volume of the Floating Entourage
 54650 | Desolati | Got a spiked plate armour
 54661 | Desolati | Identified the cursed +1 plate armour of Impermeability {rElec rF- Str+8} (You found it in the Desolation of Salt)
 54673 | Desolati | Identified the +2 ice dragon scales of Ru's Benevolence {rElec rF- rC++} (You found it in the Desolation of Salt)
 54706 | Desolati | Got a shimmering jade ring
 54717 | Desolati | Identified the cursed +0 hat of Qugeat {Int-2 Dex+2 Slay+5} (You found it in the Desolation of Salt)
 54756 | Desolati | Got a smoking bone ring
 54758 | Desolati | Identified the ring "Dawn" {Int+6 Dex+6} (You found it in the Desolation of Salt)
 54760 | Desolati | Identified the ring "Dimpiod" {rPois rN+++ Dex-3 SInv} (You found it in the Desolation of Salt)
 55654 | Vaults:3 | Paralysed by an ogre mage for 2 turns
 56677 | Vaults:3 | Received a gift from Okawaru
 57252 | Vaults:4 | Paralysed by a great orb of eyes for 4 turns
 57724 | Vaults:4 | Noticed Frederick
 57734 | Vaults:4 | Killed Frederick
 58031 | Vaults:4 | Paralysed by an ogre mage for 4 turns
 58441 | Vaults:4 | Found Mukluno's Assorted Antiques.
 58498 | Vaults:5 | Entered Level 5 of the Vaults
 58748 | Vaults:4 | Reached skill level 27 in Shields
 58753 | Vaults:4 | Reached XP level 23. HP: 219/223 MP: 23/23
 58776 | Vaults:4 | Received a gift from Okawaru
 58991 | Vaults:5 | HP: 8/223 [stone giant (10)]
 58993 | Vaults:5 | Noticed Bai Suzhen
 59003 | Vaults:5 | Killed Bai Suzhen
 59033 | Vaults:5 | HP: 2/224 [titan/the air (35)]
 59290 | Vaults:5 | Paralysed by an ogre mage for 3 turns
 59469 | Vaults:5 | Received a gift from Okawaru
 59496 | Vaults:5 | Noticed an ancient lich
 59508 | Vaults:5 | Killed an ancient lich
 59985 | Vaults:5 | Reached XP level 24. HP: 225/236 MP: 23/23
 60257 | Vaults:5 | Received a gift from Okawaru
 61119 | Vaults:5 | Got an ancient plate armour {god gift}
 61121 | Vaults:5 | Identified the +0 plate armour of Chimes {rElec Str+8} (Okawaru gifted it to you on level 5 of the Vaults)
 61219 | Vaults:5 | Got a silver rune of Zot
 62390 | Depths:1 | Entered Level 1 of the Depths
 62486 | Depths:1 | Paralysed by an ogre mage for 3 turns
 62785 | Depths:1 | Noticed Louise
 62873 | Depths:1 | Cast into level 3 of the Abyss (Louise)
 63054 | Abyss:3  | Received a gift from Okawaru
 63101 | Abyss:3  | Found a hazy altar of Hepliaklqana.
 63160 | Abyss:3  | Found a hazy altar of Hepliaklqana.
 63279 | Depths:1 | Escaped the Abyss
 63280 | Depths:1 | Found a one-way gate to the infinite horrors of the Abyss.
 63285 | Depths:1 | Killed Louise
 63955 | Depths:1 | Received a gift from Okawaru
 64523 | Depths:1 | Found a gateway to Hell.
 64724 | Depths:2 | Found Nytuikage's General Store.
 64978 | Depths:2 | Paralysed by a great orb of eyes for 3 turns
 64986 | Depths:2 | Found a sacrificial altar of Ru.
 65176 | Depths:2 | Reached XP level 25. HP: 211/249 MP: 23/23
 65478 | Depths:2 | Received a gift from Okawaru
 66003 | Depths:3 | Found Kiasmi Ykhlu's Assorted Antiques.
 66356 | Depths:3 | Found a one-way gate leading to the halls of Pandemonium.
 66622 | Depths:3 | Noticed a juggernaut
 66629 | Depths:3 | Noticed a juggernaut
 66646 | Depths:3 | Killed a juggernaut
 66652 | Depths:3 | Killed a juggernaut
 67628 | Depths:4 | Received a gift from Okawaru
 67779 | Depths:4 | Noticed a juggernaut
 67791 | Depths:4 | Killed a juggernaut
 68135 | Depths:4 | Noticed the Enchantress
 68143 | Depths:4 | Received a gift from Okawaru
 68161 | Depths:4 | Cast into level 2 of the Abyss (the Enchantress)
 68196 | Depths:4 | Escaped the Abyss
 68202 | Depths:4 | Killed the Enchantress
 68218 | Depths:4 | Got a transparent scimitar {god gift}
 68219 | Depths:4 | Identified the +4 scimitar of Sefoti {slice, -Tele rC+ rN+ Int+2} (Okawaru gifted it to you on level 4 of the Depths)
 68432 | Depths:4 | Got faerie dragon scales
 68434 | Depths:4 | Reached skill level 1 in Throwing
 68434 | Depths:4 | Reached skill level 1 in Unarmed Combat
 68434 | Depths:4 | Reached XP level 26. HP: 264/264 MP: 23/24
 68435 | Depths:4 | Identified the +3 faerie dragon scales {rF- rCorr MP+9 Int-3 Dex+7} (You took it off the Enchantress on level 4 of the Depths)
 68612 | Depths:4 | Reached XP level 27. HP: 270/271 MP: 24/24
 68703 | Depths:5 | Entered Level 5 of the Depths
 68881 | Depths:5 | Found Teotear's Book Shop.
 68892 | Depths:5 | Found a gateway to a ziggurat.
 68998 | Depths:5 | Found a gate to the Realm of Zot.
 69002 | Depths:5 | Reached skill level 27 in Fighting
 69030 | Depths:5 | Reached skill level 27 in Long Blades
 69141 | Depths:5 | Cast into level 2 of the Abyss (hell knight)
 69273 | Abyss:2  | Received a gift from Okawaru
 69362 | Abyss:2  | Paralysed by accursed screaming for 2 turns
 69367 | Abyss:2  | Paralysed by accursed screaming for 2 turns
 69373 | Abyss:2  | Paralysed by accursed screaming for 2 turns
 69380 | Abyss:2  | HP: 7/273 [starcursed mass/accursed screaming (17)]
 69380 | Abyss:2  | Paralysed by accursed screaming for 2 turns
 69596 | Depths:5 | Escaped the Abyss
 70097 | Depths:5 | Found Zohumep's General Store.
 70156 | Depths:5 | Found Kofudupy's Weapon Shoppe.
 70721 | Depths:5 | Found Bysch's General Store.
 70724 | Depths:5 | Bought the +10 large shield of Ignorance {rN+ Int-4} for 1203 gold pieces
 70807 | Depths:4 | Lost intelligence.
 71844 | Crypt:1  | Entered Level 1 of the Crypt
 72943 | Crypt:1  | Noticed an ancient lich
 72947 | Crypt:1  | Paralysed by an ancient lich for 3 turns
 72954 | Crypt:1  | Killed an ancient lich
 72954 | Crypt:1  | Received a gift from Okawaru
 72954 | Crypt:1  | Reached skill level 5 in Evocations
 72994 | Crypt:1  | Got a fine glaive
 72995 | Crypt:1  | Identified the +5 glaive "Sirurin" {chop, rN+ Str+2 Int+6} (You found it on level 1 of the Crypt)
 73511 | Crypt:2  | Found a runed door.
 73844 | Crypt:2  | Noticed an ancient lich
 73849 | Crypt:2  | Killed an ancient lich
 73893 | Crypt:3  | Entered Level 3 of the Crypt
 74233 | Crypt:3  | Found a basalt altar of Yredelemnul.
 74233 | Crypt:3  | Noticed an ancient lich
 74238 | Crypt:3  | Killed an ancient lich
 74869 | Crypt:3  | Received a gift from Okawaru
 74879 | Crypt:3  | Got a crystal demon blade {god gift}
 74880 | Crypt:3  | Identified the +2 demon blade "Efi Kelo" {elec, Dex+4} (Okawaru gifted it to you on level 3 of the Crypt)
 74904 | Crypt:3  | Found a staircase to the Tomb.
 76471 | Tomb:1   | Entered Level 1 of the Tomb of the Ancients
 76628 | Tomb:1   | Noticed chimenez's ghost (legendary NaFE)
 76643 | Tomb:1   | Killed chimenez's ghost
 76643 | Tomb:1   | Reached skill level 27 in Armour
 76813 | Tomb:1   | Lost intelligence.
 77098 | Tomb:1   | Noticed a greater mummy
 77102 | Tomb:1   | Killed a greater mummy
 77117 | Tomb:1   | Received a gift from Okawaru
 77624 | Tomb:1   | Reached skill level 10 in Evocations
 77745 | Tomb:2   | Noticed a greater mummy
 77746 | Tomb:2   | Noticed a greater mummy
 77748 | Tomb:2   | Noticed a greater mummy
 77749 | Tomb:2   | Noticed a greater mummy
 77756 | Tomb:2   | HP: 7/273 [bennu (12)]
 77757 | Tomb:2   | HP: 2/273 [flying skull (3)]
 77758 | Tomb:2   | Killed from afar by a greater mummy

Skill      XL: |  1  2  3  4  5  6  7  8  9 10 11 12 13 14 15 16 17 18 19 20 21 22 23 24 25 26 27 |
---------------+----------------------------------------------------------------------------------+-----
Armour         | 4 5 6 7 8 10 11 12 13 14 16 17 18 19 20 21 27 | 27.0
Fighting       | 4 5 6 7 8 10 11 12 13 15 16 17 18 19 20 21 22 23 25 26 27 | 27.0
Long Blades    | 3 4 5 7 8 10 12 13 14 15 16 17 18 19 20 21 22 24 25 26 27 | 27.0
Shields        | 4 5 7 8 10 11 13 14 16 18 19 21 22 23 24 25 27 | 27.0
Dodging        | 1 2 3 4 5 6 |  6.9
Stealth        | 1 2 3 4 |  4.8
Evocations     | 1 2 10 | 10.5
Axes           | 2 |  2.8
Invocations    | 1 2 |  2.6
Throwing       | 1 |  1.2
Unarmed Combat | 1 |  1.3
Spellcasting   | |  0.7

Action                   |  1- 3 |  4- 6 |  7- 9 | 10-12 | 13-15 | 16-18 | 19-21 | 22-24 | 25-27 || total
-------------------------+-------+-------+-------+-------+-------+-------+-------+-------+-------++-------
Melee: Long sword        |    70 |   100 |   489 |       |       |       |       |       |       ||   659
       Headbutt          |     6 |    16 |   103 |   270 |   311 |   412 |   474 |   536 |   576 ||  2704
       Falchion          |       |       |       |   764 |       |       |       |       |       ||   764
       Hand axe          |       |       |       |    17 |     6 |       |       |       |       ||    23
       Scimitar          |       |       |       |   149 |   225 |       |       |       |       ||   374
       Double sword      |       |       |       |       |   958 |  1349 |  1391 |  1365 |  1557 ||  6620
Invok: Heroism           |       |       |     2 |     6 |     4 |     2 |     1 |     4 |       ||    19
Evoke: Wand              |       |       |       |    13 |    10 |     1 |    11 |       |    20 ||    55
  Use: Scroll            |       |     6 |     9 |    11 |    20 |     3 |     7 |    26 |    16 ||    98
       Potion            |       |     1 |       |     4 |     2 |     9 |       |    14 |     6 ||    36
 Stab: Distracted        |       |       |       |       |     1 |       |       |     1 |       ||     2
       Confused          |       |       |       |       |     1 |       |       |       |       ||     1
       Held in net/web   |       |       |       |       |       |     1 |       |       |       ||     1
       Paralysed         |       |       |       |       |       |       |       |     1 |       ||     1
       Petrified         |       |       |       |       |       |       |       |       |     2 ||     2
  Eat: Chunk             |       |     5 |    17 |    29 |    46 |   141 |    78 |   109 |    53 ||   478
       Fruit             |       |       |     1 |       |     3 |    11 |     9 |     3 |    14 ||    41
       Bread ration      |       |       |       |       |       |       |       |       |     1 ||     1
Armor: Scale mail        |    31 |    43 |    60 |       |       |       |       |       |       ||   134
       Plate armour      |       |       |   145 |    83 |       |   187 |   501 |   433 |       ||  1349
       Crystal plate arm |       |       |       |   431 |   601 |   568 |       |       |       ||  1600
       Gold dragon scale |       |       |       |       |       |       |       |   237 |   650 ||   887
Dodge: Dodged            |    20 |    35 |   121 |   203 |   208 |   307 |   349 |   516 |   389 ||  2148
Block: Shield            |    49 |    45 |   268 |   341 |  1038 |   477 |  1205 |  1480 |   784 ||  5687
       Buckler           |       |       |       |   129 |       |   752 |   140 |       |       ||  1021
       Large shield      |       |       |       |    78 |       |       |       |       |   952 ||  1030
       Reflection        |       |       |       |       |     4 |   147 |    90 |       |       ||   241
       Rpst.: Long sword |     7 |    13 |    24 |       |       |       |       |       |       ||    44
       Falchion          |       |       |       |    30 |       |       |       |       |       ||    30
       Scimitar          |       |       |       |     5 |     6 |       |       |       |       ||    11
       Double sword      |       |       |       |       |    42 |    48 |    86 |    91 |    72 ||   339
